BSA
ST CHARLES SHEENS @ TORONTO TITANS
10/13/2024
 
TOP OF THE 1ST
St Charles Sheens batting - Pitching for Toronto Titans : LHP Carlos Tavárez
Pitching: LHP Carlos Tavárez
Batting: LHB Bob Ware 0-0: Ball
1-0: Ball
2-0: Called Strike
2-1: Foul Ball, location: 2F
2-2: Ball
3-2: Base on Balls
Batting: RHB Kel Pierce 0-0: Called Strike
0-1: Ball
1-1: Called Strike
1-2: TRIPLE (Flyball, 9LD)
Bob Ware scores
Batting: RHB Alfredo Rivera 0-0: Hit by Pitch
Batting: RHB Guo-xiu Choi 0-0: Ball
1-0: Foul Ball, location: 2F
1-1: Ball
2-1: Ball
3-1: Called Strike
3-2: Ground out 4-3 (Groundball, 4)
Kel Pierce scores
Alfredo Rivera to second
Batting: RHB Judson Backstrom 0-0: Called Strike
0-1: Ball
1-1: SINGLE (Groundball, 34S)
Alfredo Rivera to third
Runner from 3rd tries for Home, throw and OUT!
Batting: RHB Júlio Hernández 0-0: Swinging Strike
0-1: Ball
1-1: Ball
2-1: Foul Ball, location: 2F
2-2: Strikes out swinging
Top of the 1st over - 2 run(s), 2 hit(s), 0 error(s), 1 left on base; St Charles 2 - Toronto 0
BOTTOM OF THE 1ST
Toronto Titans batting - Pitching for St Charles Sheens : RHP Joe O'Sullivan
Pitching: RHP Joe O'Sullivan
Batting: SHB Ryobe Yamamoto 0-0: Fly out, F7 (Flyball, 7S)
Batting: RHB Gilberto López 0-0: Called Strike
0-1: Swinging Strike
0-2: Ball
1-2: Ball
2-2: SINGLE (Line Drive, 6)
Batting: LHB José Rodríguez 0-0: SINGLE (Groundball, 3D)
Gilberto López to second
Runner from 2nd tries for 3rd, SAFE, throw made to third
Batting: LHB Jorge Martínez 0-0: Ball
1-0: Called Strike
1-1: Foul Ball, location: 2F
1-2: Ball
2-2: Foul Ball, location: 2F
2-2: Ball
3-2: Strikes out looking
Batting: LHB Anacleto Morillo 0-0: Ball
1-0: Foul Ball, location: 2F
1-1: Swinging Strike
1-2: Ball
2-2: Strikes out looking
Bottom of the 1st over - 0 run(s), 2 hit(s), 0 error(s), 2 left on base; St Charles 2 - Toronto 0
TOP OF THE 2ND
St Charles Sheens batting - Pitching for Toronto Titans : LHP Carlos Tavárez
Batting: RHB Júlio Figueroa 0-0: Ball
1-0: Ball
2-0: Called Strike
2-1: Foul Ball, location: 2F
2-2: Ground out 5-3 (Groundball, 56S)
Batting: RHB Max Rash 0-0: Foul Ball, location: 2F
0-1: Ball
1-1: Ball
2-1: Called Strike
2-2: SOLO HOME RUN (Flyball, 7LD), Distance : 316 ft
Batting: SHB Richard Bowman 0-0: Swinging Strike
0-1: SINGLE (Groundball, 6M)
Batting: LHB Bob Ware 0-0: Swinging Strike
0-1: Ground out 5-3 (Groundball, 56S)
Richard Bowman to second
Batting: RHB Kel Pierce 0-0: Ball
1-0: Foul Ball, location: 2F
1-1: Ball
2-1: Ball
3-1: Ground out 6-3 (Groundball, 6M)
Top of the 2nd over - 1 run(s), 2 hit(s), 0 error(s), 1 left on base; St Charles 3 - Toronto 0
BOTTOM OF THE 2ND
Toronto Titans batting - Pitching for St Charles Sheens : RHP Joe O'Sullivan
Batting: LHB Lewis Barr 0-0: SINGLE (Line Drive, 7S)
Batting: LHB Kent MacDulothe 0-0: Called Strike
Lewis Barr steals 2nd base
0-1: Hit by Pitch
Batting: RHB Matt Doyle 0-0: Ball
1-0: Ball
2-0: Foul Ball, location: 2F
2-1: Foul Ball, location: 2F
2-2: Foul Ball, location: 2F
2-2: Ball
3-2: Foul Ball, location: 2F
3-2: Base on Balls
Lewis Barr to third
Kent MacDulothe to second
Batting: RHB Manuel González 0-0: Grounds into double play, 3-6-3 (Groundball, 3)
Lewis Barr scores
Kent MacDulothe to third
Batting: SHB Ryobe Yamamoto 0-0: Ball
1-0: Bunted foul
1-1: Ball
2-1: Called Strike
2-2: Ball
3-2: Fly out, F6 (Line Drive, 6)
Bottom of the 2nd over - 1 run(s), 1 hit(s), 0 error(s), 1 left on base; St Charles 3 - Toronto 1
TOP OF THE 3RD
St Charles Sheens batting - Pitching for Toronto Titans : LHP Carlos Tavárez
Batting: RHB Alfredo Rivera 0-0: Called Strike
0-1: Called Strike
0-2: Ball
1-2: Ground out 5-3 (Groundball, 15S)
Batting: RHB Guo-xiu Choi 0-0: Ball
1-0: Ground out 4-3 (Groundball, 4M)
Batting: RHB Judson Backstrom 0-0: Called Strike
0-1: Ball
1-1: Ground out 4-3 (Groundball, 4)
Top of the 3rd over - 0 run(s), 0 hit(s), 0 error(s), 0 left on base; St Charles 3 - Toronto 1
BOTTOM OF THE 3RD
Toronto Titans batting - Pitching for St Charles Sheens : RHP Joe O'Sullivan
Batting: RHB Gilberto López 0-0: Called Strike
0-1: Ground out 6-3 (Groundball, 6)
Batting: LHB José Rodríguez 0-0: Called Strike
0-1: Swinging Strike
0-2: Foul Ball, location: 2F
0-2: Foul Ball, location: 2F
0-2: Ball
1-2: Ground out 5-3 (Groundball, 5D)
Batting: LHB Jorge Martínez 0-0: Called Strike
0-1: Called Strike
0-2: Foul Ball, location: 2F
0-2: Ball
1-2: Foul Ball, location: 2F
1-2: Strikes out swinging
Bottom of the 3rd over - 0 run(s), 0 hit(s), 0 error(s), 0 left on base; St Charles 3 - Toronto 1
TOP OF THE 4TH
St Charles Sheens batting - Pitching for Toronto Titans : LHP Carlos Tavárez
Batting: RHB Júlio Hernández 0-0: Called Strike
0-1: Ball
1-1: Ball
2-1: Ball
3-1: Foul Ball, location: 2F
3-2: SINGLE (Groundball, 34D)
Batting: RHB Júlio Figueroa 0-0: Ball
1-0: Fly out, F4 (Popup, 3D)
Batting: RHB Max Rash 0-0: Ground out 5-3 (Groundball, 56S)
Júlio Hernández to second
Batting: SHB Richard Bowman 0-0: Ball
1-0: Swinging Strike
1-1: Called Strike
1-2: Ball
2-2: Ground out 6-3 (Groundball, 6)
Top of the 4th over - 0 run(s), 1 hit(s), 0 error(s), 1 left on base; St Charles 3 - Toronto 1
BOTTOM OF THE 4TH
Toronto Titans batting - Pitching for St Charles Sheens : RHP Joe O'Sullivan
Batting: LHB Anacleto Morillo 0-0: Fly out, F7 (Flyball, 7M)
Batting: LHB Lewis Barr 0-0: Called Strike
0-1: Ball
1-1: Called Strike
1-2: Ball
2-2: Ground out 5-3 (Groundball, 56)
Batting: LHB Kent MacDulothe 0-0: Ground out 6-3 (Groundball, 6M)
Bottom of the 4th over - 0 run(s), 0 hit(s), 0 error(s), 0 left on base; St Charles 3 - Toronto 1
TOP OF THE 5TH
St Charles Sheens batting - Pitching for Toronto Titans : LHP Carlos Tavárez
Batting: LHB Bob Ware 0-0: Ball
1-0: Called Strike
1-1: Ground out U3 (Groundball, 3)
Batting: RHB Kel Pierce 0-0: Ground out 5-3 (Groundball, 56)
Batting: RHB Alfredo Rivera 0-0: Called Strike
0-1: Foul Ball, location: 2F
0-2: Ball
1-2: Foul Ball, location: 2F
1-2: SINGLE (Line Drive, 56D)
Batting: RHB Guo-xiu Choi 0-0: Swinging Strike
0-1: Ball
1-1: Ball
2-1: Swinging Strike
2-2: SINGLE (Line Drive, 56D)
Alfredo Rivera to second
Batting: RHB Judson Backstrom 0-0: Ball
1-0: Swinging Strike
1-1: Fly out, F5 (Line Drive, 5)
Top of the 5th over - 0 run(s), 2 hit(s), 0 error(s), 2 left on base; St Charles 3 - Toronto 1
BOTTOM OF THE 5TH
Toronto Titans batting - Pitching for St Charles Sheens : RHP Joe O'Sullivan
Batting: RHB Matt Doyle 0-0: Ball
1-0: Foul Ball, location: 2F
1-1: Ball
2-1: Called Strike
2-2: Ball
3-2: Strikes out swinging
Batting: RHB Manuel González 0-0: Foul Ball, location: 2F
0-1: Ball
1-1: Ball
2-1: Swinging Strike
2-2: Strikes out swinging
Batting: SHB Ryobe Yamamoto 0-0: Foul Ball, location: 2F
0-1: Foul Ball, location: 2F
0-2: Ball
1-2: Ball
2-2: Fly out, F7 (Flyball, 78XD)
Bottom of the 5th over - 0 run(s), 0 hit(s), 0 error(s), 0 left on base; St Charles 3 - Toronto 1
TOP OF THE 6TH
St Charles Sheens batting - Pitching for Toronto Titans : LHP Carlos Tavárez
Pitching: RHP Roland Harrison
Batting: RHB Júlio Hernández 0-0: Called Strike
0-1: Ball
1-1: Fly out, F8 (Flyball, 8RS)
Batting: RHB Júlio Figueroa 0-0: Called Strike
0-1: Ball
1-1: Called Strike
1-2: Foul Ball, location: 2F
1-2: Ground out 6-3 (Groundball, 56)
Pitching: RHP Pablo Cabral
Batting: RHB Max Rash 0-0: Called Strike
0-1: Ball
1-1: Foul Ball, location: 2F
1-2: Ball
2-2: SINGLE (Line Drive, 78S)
Batting: SHB Richard Bowman 0-0: Called Strike
Max Rash steals 2nd base
0-1: Called Strike
0-2: Foul Ball, location: 2F
0-2: SINGLE (Groundball, 34D)
Max Rash to third
Batting: LHB Bob Ware 0-0: Called Strike
0-1: Ball
1-1: Ball
2-1: Fly out, F7 (Flyball, 78S)
Top of the 6th over - 0 run(s), 2 hit(s), 0 error(s), 2 left on base; St Charles 3 - Toronto 1
BOTTOM OF THE 6TH
Toronto Titans batting - Pitching for St Charles Sheens : RHP Joe O'Sullivan
Batting: RHB Gilberto López 0-0: Ball
1-0: Ball
2-0: Called Strike
2-1: Ball
3-1: Base on Balls
Batting: LHB José Rodríguez 0-0: Called Strike
0-1: Ball
Gilberto López is caught stealing 2nd base
1-1: Called Strike
1-2: Ball
2-2: Strikes out swinging
Batting: LHB Jorge Martínez 0-0: Ball
1-0: SINGLE (Groundball, 34D)
Batting: LHB Anacleto Morillo 0-0: Foul Ball, location: 2F
0-1: Ball
1-1: 2-RUN HOME RUN (Line Drive, 89XD), Distance : 390 ft
Batting: LHB Lewis Barr 0-0: Ball
1-0: Foul Ball, location: 2F
1-1: Foul Ball, location: 2F
1-2: Ground out 6-3 (Groundball, 6M)
Bottom of the 6th over - 2 run(s), 2 hit(s), 0 error(s), 0 left on base; St Charles 3 - Toronto 3
TOP OF THE 7TH
St Charles Sheens batting - Pitching for Toronto Titans : RHP Pablo Cabral
Pitching: LHP Braydon Schute
Batting: RHB Kel Pierce 0-0: Swinging Strike
0-1: Ball
1-1: Ball
2-1: Ball
3-1: Base on Balls
Batting: RHB Alfredo Rivera 0-0: Ball
1-0: Called Strike
1-1: Ball
2-1: Fly out, F7 (Flyball, 78XD)
Batting: RHB Guo-xiu Choi 0-0: Ball
Kel Pierce steals 2nd base
1-0: Called Strike
1-1: Foul Ball, location: 2F
1-2: Strikes out swinging
Batting: RHB Judson Backstrom 0-0: Intentional Walk
Batting: RHB Júlio Hernández 0-0: Ball
1-0: Foul Ball, location: 2F
1-1: Foul Ball, location: 2F
1-2: Fly out, F9 (Flyball, 9M)
Top of the 7th over - 0 run(s), 0 hit(s), 0 error(s), 2 left on base; St Charles 3 - Toronto 3
BOTTOM OF THE 7TH
Toronto Titans batting - Pitching for St Charles Sheens : RHP Joe O'Sullivan
Batting: LHB Kent MacDulothe 0-0: Ball
1-0: Ball
2-0: Ball
3-0: Called Strike
3-1: Called Strike
3-2: Base on Balls
Batting: RHB Matt Doyle 0-0: Ball
1-0: Called Strike
1-1: Ball
2-1: Ball
Kent MacDulothe steals 2nd base
3-1: Intentional Walk
Pitching: LHP Shan Liu
Batting: RHB Manuel González 0-0: Called Strike
0-1: Called Strike
0-2: Ball
1-2: Ball
2-2: Foul Ball, location: 2F
2-2: Fly out, F4 (Line Drive, 4M)
2-2: Fly out, F4 (Line Drive, 4M)
Batting: SHB Ryobe Yamamoto 0-0: Ball
1-0: Fielders Choice at 2nd, 4-6 (Groundball, 4)
Kent MacDulothe to third
Pitching: RHP Ulric Duval
Batting: RHB Gilberto López 0-0: Ground out 6-3 (Groundball, 6)
Bottom of the 7th over - 0 run(s), 0 hit(s), 0 error(s), 2 left on base; St Charles 3 - Toronto 3
TOP OF THE 8TH
St Charles Sheens batting - Pitching for Toronto Titans : LHP Braydon Schute
Pitching: RHP David Lester
Batting: RHB Júlio Figueroa 0-0: Ball
1-0: Ball
2-0: Called Strike
2-1: SINGLE (Groundball, 6MD)
Batting: RHB Max Rash 0-0: Called Strike
0-1: Ball
1-1: Sac Bunt - play at first, batter OUT! 1-4
Júlio Figueroa to second
Pinch Hitting: LHB Jeff Carter 0-0: Intentional Walk
Pitching: LHP Kent Robinson
Batting: LHB Bob Ware 0-0: Called Strike
0-1: Ball
1-1: Ball
2-1: Bunted foul
2-2: Ground out 4-3 (Groundball, 4M)
Júlio Figueroa to third
Jeff Carter to second
Pitching: LHP Santiago González
Batting: RHB Kel Pierce 0-0: Called Strike
0-1: SINGLE (Line Drive, 9S)
Júlio Figueroa scores
Jeff Carter to third
Runner from 3rd tries for Home, SAFE, no throw or cutoff
Batting: RHB Alfredo Rivera 0-0: Ball
1-0: Called Strike
1-1: Foul Ball, location: 2F
1-2: Foul Ball, location: 2F
1-2: Ground out 1-3 (Groundball, 13)
Top of the 8th over - 2 run(s), 2 hit(s), 0 error(s), 1 left on base; St Charles 5 - Toronto 3
BOTTOM OF THE 8TH
Toronto Titans batting - Pitching for St Charles Sheens : RHP Ulric Duval
Pitching: LHP Francisco Moreno
Now at SS: Jeff Carter
Batting: LHB José Rodríguez 0-0: Called Strike
0-1: Ball
1-1: Ball
2-1: Swinging Strike
2-2: Ground out 4-3 (Groundball, 4)
Batting: LHB Jorge Martínez 0-0: Ball
1-0: Ball
2-0: Ball
3-0: Base on Balls
Pitching: LHP Rubén Martínez
Batting: LHB Anacleto Morillo 0-0: Ball
1-0: Called Strike
1-1: Ball
2-1: Swinging Strike
2-2: Ball
3-2: Fly out, F6 (Popup, 78S)
Batting: LHB Lewis Barr 0-0: Ball
1-0: Called Strike
1-1: Swinging Strike
1-2: SINGLE (Flyball, 8LS)
Jorge Martínez to second
Runner from 2nd tries for 3rd, SAFE, no throw or cutoff
Batting: LHB Kent MacDulothe 0-0: Called Strike
0-1: Foul Ball, location: 2F
0-2: Ball
1-2: Fly out, F5 (Popup, 5F)
Bottom of the 8th over - 0 run(s), 1 hit(s), 0 error(s), 2 left on base; St Charles 5 - Toronto 3
TOP OF THE 9TH
St Charles Sheens batting - Pitching for Toronto Titans : LHP Santiago González
Batting: RHB Guo-xiu Choi 0-0: Swinging Strike
0-1: Foul Ball, location: 2F
0-2: Ball
1-2: Ball
2-2: Foul Ball, location: 2F
2-2: Ball
3-2: Ground out 5-3 (Groundball, 56)
Batting: RHB Judson Backstrom 0-0: Foul Ball, location: 2F
0-1: Foul Ball, location: 2F
0-2: DOUBLE (Flyball, 8RS)
Batting: RHB Júlio Hernández 0-0: Ball
1-0: Called Strike
1-1: Swinging Strike
1-2: Fly out, F9 (Line Drive, 89S)
Batting: RHB Júlio Figueroa 0-0: Called Strike
0-1: Ball
1-1: Called Strike
1-2: Ball
2-2: SINGLE (Groundball, 5L)
Judson Backstrom to third
Pitching: LHP Roberto Vázquez
Batting: RHB Max Rash 0-0: Foul Ball, location: 2F
0-1: Ball
1-1: Foul Ball, location: 2F
1-2: SINGLE (Line Drive, 6D)
Judson Backstrom scores
Júlio Figueroa to second
Batting: LHB Jeff Carter 0-0: Foul Ball, location: 2F
0-1: Called Strike
0-2: Foul Ball, location: 2F
0-2: Strikes out looking
Top of the 9th over - 1 run(s), 3 hit(s), 0 error(s), 2 left on base; St Charles 6 - Toronto 3
BOTTOM OF THE 9TH
Toronto Titans batting - Pitching for St Charles Sheens : LHP Rubén Martínez
Pitching: RHP Juan Rivera
Batting: RHB Matt Doyle 0-0: Ball
1-0: Ball
2-0: Foul Ball, location: 2F
2-1: Fly out, F9 (Line Drive, 89M)
Batting: RHB Manuel González 0-0: Ball
1-0: Ball
2-0: Called Strike
2-1: Ball
3-1: Ground out 5-3 (Groundball, 56S)
Batting: SHB Ryobe Yamamoto 0-0: Ball
1-0: Swinging Strike
1-1: Foul Ball, location: 2F
1-2: Ball
2-2: Ball
3-2: SINGLE (Groundball, 5S) (infield hit)
Batting: RHB Gilberto López 0-0: DOUBLE (Flyball, 89D)
Ryobe Yamamoto to third
Runner from 3rd tries for Home, throw and OUT!
Bottom of the 9th over - 0 run(s), 2 hit(s), 0 error(s), 1 left on base; St Charles 6 - Toronto 3
This league is powered by Out of the Park Baseball, the baseball management simulation game for PC, Mac and Linux
Saturday, April 9th, 2016 - OOTP Baseball 16.8 Build 38